 Dungeon Crawl Stone Soup version 0.21-a0-536-gdbbf329 (webtiles) character file.

380 redcow542 the Chopper (level 6, -4/53 HPs)
             Began as a Minotaur Monk on Dec 14, 2017.
             Slain by Sigmund
             ... wielding a +0 scythe
              (7 damage)
             ... on level 3 of the Dungeon.
             The game lasted 00:11:14 (1564 turns).

redcow542 the Chopper (Minotaur Monk)               Turns: 1564, Time: 00:11:15

Health: -4/53      AC:  4    Str: 18    XL:     6   Next: 46%
Magic:  5/5        EV: 14    Int:  7    God:
Gold:   162        SH:  0    Dex: 12    Spells: 5/5 levels left

rFire    . . .     SeeInvis .   a - +0 hand axe
rCold    . . .     Gourm    .   (no shield)
rNeg     . . .     Faith    .   b - +0 robe
rPois    .         Spirit   .   (helmet restricted)
rElec    .         Reflect  .   i - +0 cloak
rCorr    .         Harm     .   (no gloves)
MR       .....                  j - +0 pair of boots
Stlth    ++........             (no amulet)
HPRegen  0.17/turn              (no ring)
MPRegen  0.09/turn              (no ring)

@: no status effects
A: retaliatory headbutt, horns 2
a: no special abilities


You were on level 3 of the Dungeon.
You were not hungry.

You visited 1 branch of the dungeon, and saw 3 of its levels.

You collected 162 gold pieces.

Inventory:

Hand Weapons
 a - a +0 hand axe (weapon)
Armour
 b - a +0 robe (worn)
 i - a +0 cloak (worn)
 j - a +0 pair of boots (worn)
Wands
 l - a wand of polymorph (7)
 q - a wand of iceblast (8)
Scrolls
 d - a scroll of enchant weapon {unknown}
 e - 4 scrolls of identify {unknown}
 f - a scroll of amnesia {unknown}
 k - a scroll of enchant armour {unknown}
 n - a scroll of teleportation {unknown}
 o - 2 scrolls of remove curse {unknown}
 r - a scroll of blinking {unknown}
Potions
 p - a potion of haste
Comestibles
 g - a bread ration
 h - a meat ration


   Skills:
 + Level 4.7 Fighting
 + Level 6.1 Axes
 + Level 4.5 Dodging
 + Level 3.5 Stealth
 + Level 0.4 Unarmed Combat


You had 5 spell levels left.
You didn't know any spells.

Dungeon Overview and Level Annotations

Branches:
Dungeon (3/15)

Altars:
Ashenzari
Gozag
Okawaru

Annotations:
D:3 Sigmund


Innate Abilities, Weirdness & Mutations

You reflexively headbutt those who attack you in melee.
You have a pair of horns on your head.


Message History

You hit something but do no damage. Something barely misses you.
You closely miss something. You closely miss something.
Your headbutt misses something. Something hits you.
* * * LOW HITPOINT WARNING * * *
You closely miss something. You headbutt something. Something hits you.
* * * LOW HITPOINT WARNING * * *
You hit something but do no damage. You headbutt something!
You closely miss something. Something hits you but does no damage.
You miss something. You headbutt something.
You hear some strange, mumbled words.
A magic dart appears from out of thin air!
The magic dart hits you!
* * * LOW HITPOINT WARNING * * *
You barely miss something. Something hits you.
* * * LOW HITPOINT WARNING * * *
You hit something. You completely miss something.
Your headbutt misses something. Something barely misses you.
You barely miss something. Something hits you!
You die...

####
################....
....................
......{.............
.......@............
....................
.........#+#........<...
.........#...#######....
.........###.#....##...#
.........# #......#.....
.........###......#.....
..#......##.......#.....
#...........#.....


There were no monsters in sight!

Vanquished Creatures
  Grinder (D:3)
  2 orc wizards
  Terence (D:3)
  4 adders
  An adder zombie (D:3)
  3 worms
  2 dart slugs (D:1)
  2 leopard geckos (D:2)
  3 orcs
  A ball python (D:2)
  9 bats
  2 giant cockroaches (D:2)
  5 goblins
  8 hobgoblins
  5 kobolds
  3 frilled lizards (D:2)
  5 rats
57 creatures vanquished.

Notes
Turn   | Place    | Note
-------+----------+-------------------------------------------
     0 | D:1      | redcow542 the Minotaur Monk began the quest for the Orb.
     0 | D:1      | Reached XP level 1. HP: 19/19 MP: 0/0
   129 | D:1      | Reached XP level 2. HP: 25/27 MP: 1/1
   283 | D:1      | Reached skill level 4 in Axes
   346 | D:1      | You fall through a shaft!
   355 | D:2      | HP: 1/27 [worm (7)]
   652 | D:2      | Reached XP level 3. HP: 33/33 MP: 2/2
   672 | D:2      | Found an opulent altar of Gozag.
   685 | D:2      | Found an iron altar of Okawaru.
  1089 | D:2      | Reached XP level 4. HP: 21/41 MP: 3/3
  1105 | D:3      | Reached skill level 5 in Axes
  1107 | D:3      | HP: 2/41 [kobold (1)]
  1132 | D:3      | Reached XP level 5. HP: 19/47 MP: 4/4
  1264 | D:3      | Found a shattered altar of Ashenzari.
  1414 | D:3      | Noticed Terence
  1425 | D:3      | Killed Terence
  1442 | D:3      | Noticed Grinder
  1442 | D:3      | Paralysed by Grinder for 2 turns
  1449 | D:3      | Paralysed by Grinder for 7 turns
  1470 | D:3      | Paralysed by Grinder for 2 turns
  1475 | D:3      | Paralysed by Grinder for 4 turns
  1493 | D:3      | Killed Grinder
  1493 | D:3      | Reached skill level 6 in Axes
  1493 | D:3      | Reached XP level 6. HP: 42/53 MP: 5/5
  1514 | D:3      | Noticed Sigmund
  1564 | D:3      | Slain by Sigmund

Vault maps used:
D:1:      minmay_arrival_hallway
D:2:      okawaru_metal_pillars_3, lemuel_doored_altar
D:3:      lemuel_crystal_altar, first_bread, uniq_grinder, uniq_terence,
          uniq_sigmund

Skill      XL: |  1  2  3  4  5 |
---------------+----------------+-----
Axes           | 4 5 6 |  6.1
Fighting       | 4 |  4.7
Stealth        | 2 3 |  3.5
Dodging        | 4 |  4.5
Unarmed Combat | |  0.4

Action                   |  1- 3 |  4- 6 || total
-------------------------+-------+-------++-------
Melee: Hand axe          |    81 |    65 ||   146
       Headbutt          |    11 |    10 ||    21
       Unarmed           |       |    11 ||    11
  Use: Potion            |       |     5 ||     5
 Stab: Sleeping          |     9 |       ||     9
       Invisible         |       |     2 ||     2
       Confused          |       |     1 ||     1
  Eat: Bread ration      |     1 |       ||     1
Armor: Robe              |    14 |    11 ||    25
       Skin              |       |    30 ||    30
Dodge: Dodged            |    46 |    39 ||    85

Table legend:
 A = Spawn XP
 B = Non-spawn XP
 C = Spawn XP percentage of total XP
 D = Spawn monster count
 E = Non-spawn monster count
 F = Spawn count percentage of total count
 G = Total turns spent on level
                    A         B        C        D         E        F      G
               +---------+---------+-------+---------+---------+-------+---------
         Total |       0 |     543 |   0.0 |       0 |      57 |   0.0 |  1564
               +---------+---------+-------+---------+---------+-------+---------
           D:1 |       0 |      32 |   0.0 |       0 |      16 |   0.0 |   346
           D:2 |       0 |      99 |   0.0 |       0 |      24 |   0.0 |   739
           D:3 |       0 |     412 |   0.0 |       0 |      17 |   0.0 |   479
               +---------+---------+-------+---------+---------+-------+---------
